 Dungeon Crawl Stone Soup version 0.23.2-33-g5129a83184 (webtiles) character file.

Game seed: 4186230355752052817

4985 Derp the Carver (level 10, -1/78 HPs)
             Began as a Demonspawn Gladiator on July 23, 2019.
             Was a Priest of Dithmenos.
             Slain by an orc warrior
             ... wielding a +0 long sword
              (17 damage)
             ... on level 10 of the Dungeon.
             The game lasted 00:19:46 (8708 turns).

Derp the Carver (Demonspawn Gladiator)              Turns: 8708, Time: 00:19:47

Health: -1/78      AC: 14    Str: 18    XL:     10   Next: 29%
Magic:  10/10      EV: 14    Int:  9    God:    Dithmenos [***...]
Gold:   331        SH:  0    Dex: 15    Spells: 9/9 levels left

rFire    . . .     SeeInvis +   M - +2 scimitar (freeze)
rCold    . . .     Gourm    .   (no shield)
rNeg     . . .     Faith    .   C - +4 ring mail "Itiamp" {*Drain rElec rPois SInv}
rPois    +         Spirit   .   c - +0 helmet
rElec    +         Reflect  .   r - scarf {repulsion}
rCorr    .         Harm     .   (no gloves)
MR       .....                  I - +0 pair of boots
Stlth    ++........             (no amulet)
HPRegen  0.23/turn              o - ring of poison resistance
MPRegen  0.12/turn              (no ring)

@: wreathed by umbra, repel missiles
A: talons 2, rugged brown scales 2, spiny 1
a: Shadow Step, Renounce Religion


You were on level 10 of the Dungeon.
You worshipped Dithmenos.
Dithmenos was most pleased with you.
You were not hungry.

You visited 1 branch of the dungeon, and saw 10 of its levels.

You collected 652 gold pieces.
You spent 321 gold pieces at shops.

Inventory:

Hand Weapons
 M - a +2 scimitar of freezing (weapon)
Missiles
 d - 3 throwing nets (quivered)
 t - 76 sling bullets
Armour
 c - a +0 helmet (worn)
 r - a scarf of repulsion (worn)
 C - the +4 ring mail "Itiamp" (worn) {*Drain rElec rPois SInv}
   (You found it on level 4 of the Dungeon)

   It insulates you from electricity.
   It protects you from poison.
   It lets you see invisible.
   It causes draining when unequipped.
 I - a +0 pair of boots (worn)
Jewellery
 o - a ring of poison resistance (left hand)
 y - an uncursed ring of ice
 P - an uncursed amulet of regeneration {unknown}
Wands
 n - a wand of digging (16)
 s - a wand of iceblast (17)
 u - a wand of acid (14)
 E - a wand of polymorph (16)
 L - a wand of paralysis (11)
Scrolls
 b - a scroll of random uselessness
 g - 9 scrolls of remove curse
 h - 2 scrolls of magic mapping
 j - 3 scrolls of teleportation
 p - 6 scrolls of amnesia
 v - a scroll of immolation
 A - a scroll of noise
 B - 3 scrolls of blinking
 D - 2 scrolls of enchant weapon
 G - a scroll of fear
 K - a scroll of enchant armour
 N - 3 scrolls of identify
 Q - a scroll of acquirement {unknown}
Potions
 a - a potion of invisibility {unknown}
 e - a potion of mutation
 i - 4 potions of lignification
 k - 2 potions of ambrosia
 l - 2 potions of agility
 m - 8 potions of curing
 q - a potion of brilliance {unknown}
 w - a potion of haste
 x - 3 potions of resistance
 z - 4 potions of flight
 F - a potion of might
 H - a potion of cancellation
 O - a potion of berserk rage {unknown}
Miscellaneous
 J - a fan of gales
Comestibles
 f - 21 rations


   Skills:
 + Level 5.6 Fighting
 + Level 10.1 Long Blades
 + Level 1.8 Throwing
 + Level 6.0 Armour
 + Level 5.9 Dodging
 + Level 3.3 Stealth


You had 9 spell levels left.
You didn't know any spells.
Your spell library contained the following spells:

 Spells                   Type           Power        Failure   Level  Hunger
 Animate Skeleton         Necr           N/A          56%         1    ##.....
 Apportation              Tloc           #.....       56%         1    ##.....
 Confusing Touch          Hex            #.....       56%         1    ##.....
 Sandblast                Erth           #.....       56%         1    ##.....
 Shock                    Conj/Air       #...         56%         1    ##.....
 Sting                    Conj/Pois      #...         56%         1    ##.....
 Summon Small Mammal      Summ           #...         56%         1    ##.....
 Passwall                 Tmut/Erth      #.......     71%         2    ###....
 Poisonous Vapours        Pois/Air       #.....       71%         2    ###....
 Swiftness                Chrm/Air       #.......     71%         2    ###....
 Mephitic Cloud           Conj/Pois/Air  #.......     90%         3    ####...
 Static Discharge         Conj/Air       #.......     90%         3    ####...
 Stone Arrow              Conj/Erth      #.....       90%         3    ####...
 Airstrike                Air            #.........   100%        4    #####..
 Olgreb's Toxic Radiance  Pois           #.......     100%        4    #####..
 Petrify                  Tmut/Erth      #.......     100%        4    #####..
 Summon Lightning Spire   Summ/Air       #.......     100%        4    #####..
 Bolt of Magma            Conj/Fire/Erth #.........   100%        5    ######.
 Iskenderun's Battlesphe  Conj/Chrm      #.......     100%        5    ######.
 Lee's Rapid Deconstruct  Erth           #.........   100%        5    ######.
 Lightning Bolt           Conj/Air       #.........   100%        5    ######.
 Silence                  Hex/Air        #.........   100%        5    ######.
 Venom Bolt               Conj/Pois      #.........   100%        5    ######.
 Conjure Ball Lightning   Conj/Air       #.........   100%        6    #######
 Deflect Missiles         Chrm/Air       #.........   100%        6    #######
 Iron Shot                Conj/Erth      #.........   100%        6    #######
 Orb of Destruction       Conj           #.........   100%        7    #######
 Spellforged Servitor     Conj/Summ      #.........   100%        7    #######
 Tornado                  Air            #.........   100%        9    #######


Dungeon Overview and Level Annotations

Branches:
Dungeon (10/15)            Temple (0/1) D:6            Lair (0/6) D:9
    Orc (0/2) D:9

Altars:
Dithmenos
Elyvilon
Hepliaklqana
Kikubaaqudgha
Nemelex Xobeh
Ru
Uskayaw
Vehumet
Wu Jian
The Shining One

Shops:
D:6 ?   D:7 ?


Innate Abilities, Weirdness & Mutations

You have razor-sharp toenails.
You are mostly covered in rugged brown scales. (AC +2, +5% HP)
You are partially covered in sharp spines.


Message History

The orc warrior is severely wounded.
You barely miss the orc warrior.
The orc warrior is severely wounded.
You barely miss the orc warrior.
The orc warrior is severely wounded.
The orc warrior hits you with a +0 long sword.
You hit the orc warrior but do no damage.
The orc warrior is severely wounded.
The orc warrior hits you with a +0 long sword!
* * * LOW HITPOINT WARNING * * *
You hit the orc warrior but do no damage.
The orc warrior is severely wounded.
The orc warrior is struck by your spines.
The orc warrior barely misses you.
You barely miss the orc warrior.
The orc warrior is almost dead.
You hit the orc warrior but do no damage.
The orc warrior is almost dead.
The orc warrior hits you with a +0 long sword!
You die...

##).)#######.#.###
#...# #.......# #...#
#.###.### #...#
#...#...
#.##...#####.######
.....................
###############.#######
#....)...........# #
#....o@..........# #
###########......# #
#......# # ###......# #
#.....<...# #
#.........######
#...............
#...............
####............


You could see an orc warrior.

Vanquished Creatures
  A hippogriff (D:10)
  4 yaks (D:10)
  A sky beast (D:10)
  5 orc warriors
  2 ice beasts
  2 black bears
  A phantom (D:9)
  A necrophage (D:9)
  4 centaurs
  6 ogres
  A big kobold (D:10)
  5 bullfrogs
  3 scorpions
  A water moccasin skeleton (D:4)
  An electric eel (D:8)
  3 howler monkeys (D:8)
  4 wights (D:7)
  4 crimson imps
  8 orc priests
  A jelly (D:8)
  5 hounds
  A bullfrog skeleton (D:4)
  10 orc wizards
  Jessica (D:2)
  3 iguanas
  Ijyb (D:3)
  8 worker ants
  Natasha (thrice) (D:2)
  6 adders
  An ooze (D:6)
  3 adder skeletons
  3 worms (D:2)
  2 leopard geckos
  23 orcs
  2 ball pythons
  6 bats
  11 giant cockroaches
  7 goblins
  4 hobgoblins
  10 jackals
  5 quokkas
  4 frilled lizards
  13 kobolds
  13 rats
203 creatures vanquished.

Notes
Turn   | Place    | Note
-------+----------+-------------------------------------------
     0 | D:1      | Derp the Demonspawn Gladiator began the quest for the Orb.
     0 | D:1      | Reached XP level 1. HP: 16/16 MP: 1/1
   189 | D:1      | Gained mutation: You have sharp toenails. [demonic
                  | ancestry]
   189 | D:1      | Reached XP level 2. HP: 20/22 MP: 2/2
   488 | D:2      | Gained mutation: You are partially covered in rugged brown
                  | scales. (AC +1, +3% HP) [demonic ancestry]
   488 | D:2      | Reached XP level 3. HP: 19/27 MP: 3/3
   732 | D:2      | Reached skill level 1 in Armour
   767 | D:2      | Reached skill level 3 in Long Blades
   973 | D:2      | Noticed Natasha
   983 | D:2      | Killed Natasha
   983 | D:2      | Reached XP level 4. HP: 6/33 MP: 4/4
  1273 | D:2      | Found a glowing golden altar of the Shining One.
  1273 | D:2      | Found an ancient bone altar of Kikubaaqudgha.
  1304 | D:2      | Noticed Natasha
  1309 | D:2      | Killed Natasha
  1418 | D:2      | Noticed Jessica
  1430 | D:2      | Killed Jessica
  1511 | D:2      | Noticed Natasha
  1518 | D:2      | Killed Natasha
  1518 | D:2      | Reached XP level 5. HP: 36/40 MP: 5/5
  1760 | D:3      | Noticed Ijyb
  1787 | D:3      | Killed Ijyb
  1787 | D:3      | Reached skill level 4 in Long Blades
  2392 | D:4      | Gained mutation: You are partially covered in sharp spines.
                  | [demonic ancestry]
  2392 | D:4      | Reached XP level 6. HP: 29/47 MP: 6/6
  2516 | D:4      | Found a shadowy altar of Dithmenos.
  2529 | D:4      | Became a worshipper of Dithmenos the Shadowed
  2724 | D:4      | Found a sacrificial altar of Ru.
  2974 | D:4      | Reached skill level 5 in Long Blades
  3401 | D:4      | Gained mutation: You are mostly covered in rugged brown
                  | scales. (AC +2, +5% HP) [demonic ancestry]
  3401 | D:4      | Reached XP level 7. HP: 47/53 MP: 7/7
  3589 | D:4      | Got a jewelled ring mail
  3600 | D:4      | Identified the +4 ring mail "Itiamp" {*Drain rElec rPois
                  | SInv} (You found it on level 4 of the Dungeon)
  3618 | D:5      | Entered Level 5 of the Dungeon
  4020 | D:5      | Reached skill level 1 in Stealth
  4189 | D:5      | Reached skill level 6 in Long Blades
  4322 | D:5      | Found a radiant altar of Vehumet.
  4324 | D:5      | Found a white marble altar of Elyvilon.
  4327 | D:5      | Found a sparkling altar of Nemelex Xobeh.
  4862 | D:6      | Found Capnum's Magic Scroll Shop.
  4991 | D:6      | Found a white marble altar of Elyvilon.
  5016 | D:6      | Reached XP level 8. HP: 57/60 MP: 8/8
  5047 | D:6      | Found a staircase to the Ecumenical Temple.
  5253 | D:6      | Found an ornate altar of the Wu Jian Council.
  5507 | D:6      | Reached * piety under Dithmenos
  5706 | D:6      | Reached skill level 7 in Long Blades
  5889 | D:6      | Bought a scroll of identify for 24 gold pieces
  5889 | D:6      | Bought a scroll of identify for 24 gold pieces
  5889 | D:6      | Bought a scroll of random uselessness for 12 gold pieces
  5889 | D:6      | Bought a scroll of teleportation for 36 gold pieces
  5889 | D:6      | Bought a scroll of enchant weapon for 90 gold pieces
  5889 | D:6      | Bought a scroll of enchant armour for 90 gold pieces
  5979 | D:7      | Found Iggehycw's Magic Scroll Emporium.
  5984 | D:7      | Bought a scroll of magic mapping for 45 gold pieces
  6126 | D:7      | Reached skill level 5 in Dodging
  6853 | D:7      | Reached XP level 9. HP: 68/68 MP: 9/9
  6905 | D:8      | Reached skill level 8 in Long Blades
  6930 | D:8      | Reached skill level 5 in Armour
  7062 | D:8      | Found a hazy altar of Hepliaklqana.
  7104 | D:8      | Reached ** piety under Dithmenos
  7166 | D:8      | Found a hide-covered altar of Uskayaw.
  7796 | D:9      | Reached skill level 9 in Long Blades
  7976 | D:9      | Found a staircase to the Lair.
  8285 | D:9      | Reached skill level 5 in Fighting
  8368 | D:9      | Found a staircase to the Orcish Mines.
  8461 | D:10     | Entered Level 10 of the Dungeon
  8493 | D:10     | Gained mutation: You have razor-sharp toenails. [demonic
                  | ancestry]
  8493 | D:10     | Reached XP level 10. HP: 77/77 MP: 10/10
  8549 | D:10     | Reached *** piety under Dithmenos
  8584 | D:10     | Reached skill level 10 in Long Blades
  8708 | D:10     | Slain by an orc warrior

Skill      XL: |  1  2  3  4  5  6  7  8  9 10 |
---------------+-------------------------------+-----
Dodging        | 3 4 5 |  5.9
Armour         | 1 2 3 4 5 6 |  6.0
Long Blades    | 3 4 5 6 7 9 10 | 10.1
Fighting       | 3 4 5 |  5.6
Stealth        | 1 2 3 |  3.3
Throwing       | |  1.8

Action                   |  1- 3 |  4- 6 |  7- 9 | 10-12 || total
-------------------------+-------+-------+-------+-------++-------
Melee: Long sword        |    89 |   102 |   122 |       ||   313
       Kick              |    20 |    36 |    42 |       ||    98
       Scimitar          |       |       |   161 |    69 ||   230
  Use: Scroll            |       |       |    16 |       ||    16
 Stab: Sleeping          |       |       |     3 |       ||     3
  Eat: Chunk             |       |     5 |     7 |       ||    12
       Ration            |       |     1 |     3 |       ||     4
Armor: Leather armour    |    31 |    28 |     2 |       ||    61
       Ring mail         |       |       |    87 |    19 ||   106
Dodge: Dodged            |    67 |    69 |   181 |    54 ||   371
       Deflected         |       |       |     9 |     5 ||    14
       Rpst.: Long sword |    22 |    25 |    23 |       ||    70
       Scimitar          |       |       |    32 |    15 ||    47
